 Dungeon Crawl Stone Soup version 0.16.1-18-g436b03c (webtiles) character file.

11276 Hogger the Martial Artist (level 11, -26/75 HPs)
             Began as a Demigod Transmuter on Apr 30, 2015.
             Killed from afar by Josephine (31 damage)
             ... with a ghostly fireball
             ... on level 11 of the Dungeon on May 1, 2015.
             The game lasted 00:51:51 (13635 turns).

Hogger the Martial Artist (Demigod Transmuter)     Turns: 13635, Time: 00:51:51

Health: -26/75     AC:  7    Str: 13    XL:     11   Next: 23%
Magic:  0/25       EV: 19    Int: 21    God:
Gold:   567        SH:  0    Dex: 18    Spells: 5 memorised, 3 levels left

rFire  . . .     SeeInvis .       - Unarmed
rCold  + . .     Clarity  .     e - +0 robe {rC+}
rNeg   . . .     SustAb   +     G - melded +0 buckler
rPois  .         Gourm    .     z - +0 helmet (curse)
rElec  .         Spirit   +     m - +0 cloak
rCorr  .         Warding  .     j - melded +0 pair of gloves
rMut   .         Stasis   .     (no boots)
MR     ++...                    f - amulet of guardian spirit {Spirit}
Stlth  ++........               u - ring of protection from magic {MR+, !d}
                                k - +3 ring of protection (curse)

@: blade hands (expiring), very slightly contaminated, slowed, very slow, very
resistant to hostile enchantments, unstealthy
A: sustain abilities
a: End Transformation


You were on level 11 of the Dungeon.
You were not hungry.
You had blades for hands.
You visited 1 branch of the dungeon, and saw 11 of its levels.

You collected 840 gold pieces.
You spent 273 gold pieces at shops.

Inventory:

Hand weapons
 I - the +12 quarterstaff of Dividends {holy, Dex+2}
   (You found it on level 4 of the Dungeon)

   It has been blessed by the Shining One to cause great damage to the undead
   and demons.
   It affects your dexterity (+2).
 M - a cursed -1 blowgun
   (You found it on level 9 of the Dungeon)
 N - a +2 dagger of electrocution
   (You found it on level 9 of the Dungeon)
 S - a +2 dagger of electrocution
   (You took it off Dowan on level 5 of the Dungeon)
Missiles
 b - 105 arrows
 r - 7 arrows of frost
 U - 2 throwing nets {=f, !d}
 X - 25 poisoned needles
Armour
 e - a +0 robe of cold resistance (worn)
   (You took it off Pikel on level 9 of the Dungeon)
 j - a +0 pair of gloves (melded)
   (You found it on level 8 of the Dungeon)
 m - a +0 cloak (worn)
   (You took it off Crazy Yiuf on level 7 of the Dungeon)
 w - the +2 hat "Shypt" {rElec MP-9 Str+6}
   (You bought it in a shop on level 4 of the Dungeon)

   It affects your strength (+6).
   It insulates you from electricity.
   It affects your magic capacity (-9).
 z - a cursed +0 helmet (worn)
   (You took it off Robin on level 3 of the Dungeon)
 G - a +0 buckler (melded)
   (You found it on level 7 of the Dungeon)
Jewellery
 f - an amulet of guardian spirit (around neck) {Spirit}
   (You found it on level 1 of the Dungeon)
 g - a +5 ring of strength
   (You found it on level 1 of the Dungeon)
 k - a cursed +3 ring of protection (left scythe-like blade)
   (You found it on level 1 of the Dungeon)
 u - a ring of protection from magic (right scythe-like blade) {MR+, !d}
   (You found it on level 10 of the Dungeon)
Magical devices
 q - a wand of digging (0)
   (You took it off Duvessa on level 5 of the Dungeon)
 F - a wand of cold (0)
   (You found it on level 4 of the Dungeon)
 O - a wand of enslavement (6)
   (You found it on level 5 of the Dungeon)
Scrolls
 l - 2 scrolls of amnesia
 p - 2 scrolls of enchant weapon
 s - 4 scrolls of remove curse
 y - a scroll of identify
 C - 6 scrolls of recharging
 K - 5 scrolls of enchant armour
 Z - a scroll of teleportation
Potions
 h - 2 potions of ambrosia {!q}
 o - 3 potions of curing
 t - 3 potions of restore abilities
 v - 3 potions of cancellation
 A - 4 potions of brilliance
 E - 2 potions of haste
 L - 2 potions of agility
 Q - a potion of resistance
 V - 2 potions of poison {unknown}
 W - a potion of might
Comestibles
 a - 7 bread rations {@e1}
 i - 5 slices of pizza
 n - 10 meat rations {@e2}
 x - 3 fruits
 B - a royal jelly


   Skills:
 - Level 0.8 Fighting
 + Level 8.6 Dodging
 - Level 2.6 Shields
 - Level 12.1 Unarmed Combat
 - Level 4.0 Spellcasting
 - Level 7.0 Transmutations


You had 3 spell levels left.
You knew the following spells:

 Your Spells              Type           Power        Failure   Level  Hunger
a - Beastly Appendage     Trmt           ####..       14%         1    None
b - Ice Form              Ice/Trmt       ###.....     71%         4    ####...
c - Spider Form           Trmt/Pois      ###.......   45%         3    ###....
s - Sticks to Snakes      Trmt           ####......   14%         2    #......
x - Blade Hands           Trmt           ####......   63%         5    ######.


Dungeon Overview and Level Annotations

Branches:
Dungeon (11/15)            Temple (0/1) D:6            Lair (0/8) D:11
    Orc: D:9-12

Shops:
D:4 [   D:8 *

Annotations:
D:3 Natasha
D:8 exclusion: downstairs
D:11 Josephine


Innate Abilities, Weirdness & Mutations

Your attributes are resistant to harm.


Message History

You kill the crocodile!
Found a stone staircase leading up.
No target in view!
You start resting.
Your transformation is almost over.
You regained 3 hp, and now have 55/75 hp.
MP restored: 25 You start resting.
Your transformation has ended.
Your +0 cloak unmelds from your body.
Your cursed +0 helmet unmelds from your body.
Your +0 pair of gloves unmelds from your body.
Your +0 buckler unmelds from your body.
Your +0 robe of cold resistance unmelds from your body.
You feel resistant to cold.
You regained 2 hp, and now have 57/75 hp.
Unknown command.
You start resting.
An eye of draining comes into view.
You regained 5 hp, and now have 62/75 hp.
Eat which item? (? for menu, Esc to quit)
Okay, then.
The eye of draining turns its gaze towards you.
Things that are here:
a poisonous chunk of flesh {@w0}; a river rat skeleton Eat which item? (? for menu, Esc to quit)
That beef jerky was delicious!
Unknown command.
There is an open door here.
You open the door. 3 wraiths come into view.
There is an open door here.
You regained 2 hp, and now have 65/75 hp.
There are monsters nearby!
Josephine the Decaying Necromancer comes into view.
She is wielding a dagger.
Josephine shouts!
There is an escape hatch in the ceiling here.
There are monsters nearby!
There is an open door here.
You miscast Blade Hands.
You are very lightly contaminated with residual magic.
Your hands glow momentarily.
You now have 20/25 mp.
Your hands turn into razor-sharp scythe blades.
Your +0 pair of gloves melds into your body.
Your +0 buckler melds into your body.
You now have 15/25 mp.
Unknown command.
You slice the wraith!! You hit the wraith but do no damage.
The wraith misses you. The wraith hits you. The wraith drains your vigour!
You feel yourself slow down.
You take 3 damage, and have 63/75 hp.
You slash the wraith! The wraith hits you but does no damage.
The wraith hits you.
You take 1 damage, and have 62/75 hp.
You barely miss the wraith. The wraith hits you! The wraith barely misses you.
You take 9 damage, and have 53/75 hp.
You now have 14/25 mp.
You barely miss the wraith. The wraith misses you. The wraith hits you!
You take 6 damage, and have 47/75 hp.
You now have 12/25 mp.
You barely miss the wraith. The wraith closely misses you.
The wraith closely misses you.
You hit the wraith.
You destroy the wraith!
You closely miss Josephine. Josephine misses you.
Josephine grinds her teeth.
You slash Josephine!
Your transformation is almost over.
Josephine hits you but does no damage. The wraith misses you.
You hit Josephine.
Josephine is infused with unholy energy.
Josephine draws life force from you and is healed!
The wraith misses you.
You take 11 damage, and have 37/75 hp.
You now have 10/25 mp.
You slice Josephine!! Josephine hits you with a dagger.
The wraith closely misses you.
You take 4 damage, and have 33/75 hp.
You now have 8/25 mp.
You hit Josephine. Josephine barely misses you. The wraith hits you.
The wraith drains your vigour!
You feel as though you will be slow longer.
You take 3 damage, and have 30/75 hp.
Unknown command.
You slice Josephine!!
Josephine is infused with unholy energy.
* * * LOW HITPOINT WARNING * * *
Josephine draws life force from you and is healed!
The wraith completely misses you.
Josephine is infused with unholy energy.
* * * LOW HITPOINT WARNING * * *
Josephine draws life force from you and is healed!
You take 26 damage, and have 4/75 hp.
MASSIVE DAMAGE!!
You now have 1/25 mp.
Read which item? (? for menu, Esc to quit)
Really read
c - a scroll of blinking {!r}?
Blink to where?
As you read the scroll of blinking {!r}, it crumbles to dust.
Josephine casts a spell at you.
The ghostly flame explodes!
The ghostly fireball engulfs you!
You die...

######### #.......###
######+###### #.......W.#
#............
#......<#.###............<
#....W..#@W##...<....>....
'....W..##..#.............
..W.......).')........P.G
#.@.....####..@...P......
.........÷....%..........
##'##########.#........P.
#...P....P.♣..
.###########...P..P.....
.........###............
########...#.....P..>....
###.....♣...PP.♣.
##...♣...♣.P.P..


You could see Josephine and 2 wraiths.

Vanquished Creatures
  The ghost of EmilioHeskey the Grappler, an experienced TrHu of Nemelex Xobeh (D:10)
  A hill giant (D:9)
  Pikel (D:9)
  An ugly thing (D:9)
  2 gargoyles
  A kobold demonologist (D:11)
  2 trolls
  A two-headed ogre (D:9)
  Prince Ribbit (D:5)
  2 basilisks
  A shadow (D:11)
  A hungry ghost (D:11)
  A wraith (D:11)
  3 yaks
  Eustachio (D:10)
  A spriggan (D:9)
  Grum (D:9)
  A hippogriff (D:9)
  2 wolves (D:9)
  Edmund (D:7)
  Menkaure (D:6)
  A water moccasin (D:9)
  3 porcupines (D:11)
  2 slaves (D:9)
  A wasp (D:9)
  2 ice beasts
  2 orc warriors
  An eye of draining (D:9)
  3 centaurs
  4 ogres
  4 necrophages
  5 sky beasts
  3 crocodiles (D:11)
  Duvessa (D:5)
  6 giant frogs
  2 big kobolds
  2 scorpions
  7 wights
  A water moccasin skeleton (D:7)
  4 crimson imps
  A goliath beetle (D:9)
  Dowan (D:5)
  A quasit (D:6)
  2 giant frog zombies
  4 jellies
  A centaur zombie (D:9)
  9 hounds
  Crazy Yiuf (D:7)
  A centaur skeleton (D:9)
  9 orc wizards
  3 orc priests
  A gnoll shaman (D:6)
  Natasha (D:3)
  8 worker ants
  5 iguanas
  5 sheep (D:11)
  A hound zombie (D:5)
  A hound skeleton (D:9)
  A worker ant zombie (D:9)
  Robin (D:3)
  12 adders
  18 gnolls
  3 river rats
  A giant mite (D:5)
  A white imp (D:11)
  3 worms
  An ufetubus (D:10)
  2 adder zombies (D:6)
  2 oozes
  34 orcs
  A ball python (D:3)
  16 bats
  A bat zombie (D:6)
  4 giant cockroaches
  15 goblins
  13 hobgoblins
  5 jackals
  17 kobolds
  2 quokkas
  5 giant geckos
  4 giant newts
  14 rats
  16 ballistomycetes (D:9)
  2 fungi (D:7)
330 creatures vanquished.

Vanquished Creatures (collateral kills)
  Grinder (D:5)
  An ogre (D:6)
  A bat (D:6)
3 creatures vanquished.

Vanquished Creatures (others)
  2 slaves (D:9)
  An adder (D:9)
  A hobgoblin (D:9)
  3 kobolds (D:9)
  A bat (D:10)
  2 giant spores (D:9)
  A rat (D:9)
11 creatures vanquished.

Grand Total: 344 creatures vanquished

Notes
Turn   | Place    | Note
--------------------------------------------------------------
     0 | D:1      | Hogger, the Demigod Transmuter, began the quest for the Orb.
     0 | D:1      | Reached XP level 1. HP: 15/15 MP: 3/3
    59 | D:1      | Reached skill level 3 in Unarmed Combat
   551 | D:1      | Reached XP level 2. HP: 20/22 MP: 4/4
  1088 | D:1      | Learned a level 2 spell: Sticks to Snakes
  1249 | D:2      | Reached skill level 4 in Unarmed Combat
  1249 | D:2      | Reached XP level 3. HP: 18/27 MP: 3/7
  1420 | D:2      | Found a white marble altar of Elyvilon.
  2230 | D:2      | Found a shadowy altar of Dithmenos.
  2524 | D:2      | Reached XP level 4. HP: 30/34 MP: 6/9
  2639 | D:2      | Reached skill level 2 in Transmutations
  2708 | D:3      | Reached skill level 2 in Spellcasting
  2941 | D:3      | Learned a level 3 spell: Spider Form
  2952 | D:3      | Reached skill level 5 in Unarmed Combat
  2952 | D:3      | Reached XP level 5. HP: 36/39 MP: 7/12
  3009 | D:3      | Noticed Natasha
  3347 | D:3      | Noticed Robin
  3361 | D:3      | Killed Robin
  3884 | D:3      | Killed Natasha
  3884 | D:3      | Reached skill level 3 in Transmutations
  3884 | D:3      | Reached XP level 6. HP: 43/46 MP: 5/15
  4007 | D:3      | Noticed Natasha
  4174 | D:4      | Found Deitag's Antique Armour Shoppe.
  4218 | D:4      | Reached skill level 3 in Spellcasting
  4420 | D:4      | Got a crude quarterstaff
  4427 | D:4      | Identified the +12 quarterstaff of Dividends {holy, Dex+2} (You found it on level 4 of the Dungeon)
  4476 | D:4      | Found a glowing golden altar of the Shining One.
  4641 | D:4      | Found a shimmering altar of Xom.
  5111 | D:4      | Bought a scorched hat for 207 gold pieces
  5121 | D:4      | Identified the +2 hat "Shypt" {rElec MP-9 Str+6} (You bought it in a shop on level 4 of the Dungeon)
  5314 | D:5      | Entered Level 5 of the Dungeon
  5443 | D:5      | Reached XP level 7. HP: 47/51 MP: 14/19
  5476 | D:5      | Found an opulent altar of Gozag.
  5525 | D:5      | Noticed Grinder
  5955 | D:5      | Paralysed by Grinder for 7 turns
  5983 | D:5      | Killed Grinder
  5983 | D:5      | Reached skill level 6 in Unarmed Combat
  5983 | D:5      | Reached skill level 4 in Transmutations
  6012 | D:5      | Reached skill level 4 in Spellcasting
  6025 | D:5      | Noticed Prince Ribbit
  6043 | D:5      | Killed Prince Ribbit
  6077 | D:5      | Noticed Dowan
  6078 | D:5      | Noticed Duvessa
  6096 | D:5      | Killed Dowan
  6279 | D:5      | Found an opulent altar of Gozag.
  6291 | D:5      | Killed Duvessa
  6291 | D:5      | Reached skill level 5 in Transmutations
  6706 | D:6      | Reached XP level 8. HP: 37/58 MP: 14/21
  6911 | D:6      | Reached skill level 7 in Unarmed Combat
  7126 | D:6      | Found a staircase to the Ecumenical Temple.
  7157 | D:6      | Reached skill level 6 in Transmutations
  7223 | D:6      | Noticed Menkaure
  7250 | D:6      | Killed Menkaure
  7775 | D:7      | Noticed Crazy Yiuf
  7781 | D:7      | Killed Crazy Yiuf
  7832 | D:7      | Reached skill level 8 in Unarmed Combat
  8030 | D:7      | Reached skill level 7 in Transmutations
  8112 | D:7      | Found a sacrificial altar of Ru.
  8172 | D:7      | Found a glowing golden altar of the Shining One.
  8194 | D:7      | Noticed Edmund
  8209 | D:7      | Killed Edmund
  8209 | D:7      | Reached skill level 1 in Shields
  8209 | D:7      | Reached XP level 9. HP: 59/63 MP: 18/22
  8587 | D:8      | Reached skill level 2 in Shields
  8805 | D:8      | Found Thiosm's Assorted Antiques.
  8808 | D:8      | Bought a viscous cyan potion for 20 gold pieces
  8808 | D:8      | Bought a scroll of identify for 46 gold pieces
  9031 | D:8      | Found a blossoming altar of Fedhas.
  9034 | D:8      | Found a deep blue altar of Sif Muna.
  9037 | D:8      | Found a stormy altar of Qazlal.
  9451 | D:9      | Reached skill level 9 in Unarmed Combat
  9480 | D:9      | Noticed a white ugly thing
  9481 | D:9      | Noticed Pikel
  9584 | D:8      | Learned a level 5 spell: Blade Hands
  9589 | D:8      | Learned a level 4 spell: Ice Form
  9647 | D:9      | Reached skill level 10 in Unarmed Combat
  9688 | D:9      | Killed Pikel
  9695 | D:9      | HP: 6/63 [white ugly thing (17)]
  9699 | D:9      | Killed a white ugly thing
  9704 | D:9      | Reached skill level 11 in Unarmed Combat
  9950 | D:9      | Reached XP level 10. HP: 40/70 MP: 13/24
 10004 | D:9      | Noticed a gargoyle
 10115 | D:9      | Noticed a hill giant
 10147 | D:8      | HP: 3/70 [gargoyle/stone arrow (16)]
 10153 | D:8      | Killed a gargoyle
 10559 | D:8      | HP: 16/70 [troll (6)]
 10567 | D:8      | HP: 8/70 [something/ball of steam (10)]
 11045 | D:9      | Killed a hill giant
 11045 | D:9      | Reached skill level 12 in Unarmed Combat
 11070 | D:9      | Reached skill level 2 in Dodging
 11299 | D:9      | Noticed Grum
 11312 | D:9      | Killed Grum
 11314 | D:9      | Reached skill level 3 in Dodging
 11690 | D:9      | Reached skill level 4 in Dodging
 11747 | D:9      | Noticed a gargoyle
 11985 | D:9      | Reached skill level 5 in Dodging
 12034 | D:9      | Killed a gargoyle
 12453 | D:9      | Reached skill level 6 in Dodging
 12566 | D:10     | Entered Level 10 of the Dungeon
 12621 | D:10     | Noticed EmilioHeskey's ghost (experienced TrHu)
 12648 | D:10     | Killed EmilioHeskey's ghost
 12881 | D:10     | Reached XP level 11. HP: 75/75 MP: 25/25
 12937 | D:10     | Noticed Eustachio
 12966 | D:10     | Killed Eustachio
 12966 | D:10     | Reached skill level 7 in Dodging
 13421 | D:11     | Reached skill level 8 in Dodging
 13438 | D:11     | Found a staircase to the Lair.
 13616 | D:11     | Noticed Josephine
 13634 | D:11     | HP: 18/75 [Josephine/vampiric draining (12)]
 13634 | D:11     | HP: 4/75 [Josephine/vampiric draining (14)]
 13635 | D:11     | Killed from afar by Josephine

Action                   |  1- 3 |  4- 6 |  7- 9 | 10-12 || total
-------------------------+-------+-------+-------+-------++-------
Melee: Unarmed           |   139 |   258 |   506 |   441 ||  1344
Throw: Stone             |     4 |       |     1 |       ||     5
 Cast: Beastly Appendage |     8 |     7 |     1 |       ||    16
       Sticks to Snakes  |     4 |       |     5 |       ||     9
       Spider Form       |       |    16 |    38 |    25 ||    79
       Blade Hands       |       |       |       |     3 ||     3
Evoke: Wand              |       |     1 |     6 |     3 ||    10
  Use: Scroll            |     4 |     5 |    13 |     5 ||    27
       Potion            |     1 |     2 |     6 |     5 ||    14
 Stab: Sleeping          |     2 |     2 |     2 |     1 ||     7
  Eat: Chunk             |     1 |     7 |    13 |     2 ||    23
       Bread ration      |     1 |     1 |       |     2 ||     4
       Beef jerky        |       |       |     2 |     1 ||     3
       Meat ration       |       |       |     1 |       ||     1
       Fruit             |       |       |     1 |       ||     1

Vault maps used:
D:1:      saegor_arrival_simple_e, serial_bayou_pond_e
D:2:      grunt_dithmenos_smoke, first_bread, elyvilon_altar_5
D:3:      uniq_robin, uniq_natasha
D:4:      lemuel_coloured_pillars_altar, lemuel_round_altar, serial_shops, shop,
          minmay_misc_feat_five
D:5:      nicolae_gozag_seed_capital, basic_altar, corexii_shack,
          uniq_prince_ribbit1, uniq_grinder, uniq_duvessa
D:6:      minmay_temple_entry_trees, uniq_menkaure
D:7:      basic_altar, david_defended_altar_elf, uniq_crazy_yiuf_cottage,
          uniq_edmund
D:8:      grunt_temple_overflow_diamond, serial_shops, kennysheep_mini_moat
D:9:      hangedman_cross_cluster, the_bakery, uniq_grum, uniq_pikel
D:10:     uniq_eustachio
D:11:     minmay_lair_entry_grove, david_orc_1_choice, uniq_josephine

Table legend:
 A = Turns spent in this place as a percentage of turns spent in the entire game.
 B = Non-inter-level travel turns spent in this place as a percentage of non-inter-level travel turns spent in the entire game.
 C = Inter-level travel turns spent in this place as a percentage of turns spent in this place.
 D = Turns resting spent in this place as a percentage of non-inter-level travel turns spent in this place.
 E = Turns spent auto-exploring this place as a percentage of non-inter-level travel turns spent in this place.
 F = Non-inter-level travel turns spent in this place divided by the number of levels of this place that you've seen.
                   A       B       C       D       E      F
               +-------+-------+-------+-------+-------+----------------------
         Total | 100.0 | 100.0 |   0.5 |   4.2 |   6.4 | 480.0
       Dungeon | 100.0 | 100.0 |   0.5 |   4.2 |   6.4 | 480.0
               +-------+-------+-------+-------+-------+----------------------

Table legend:
 A = Kills in this place as a percentage of kills in entire the game.
 B = Kills by you in this place as a percentage of kills by you in the entire game.
 C = Kills by friends in this place as a percentage of kills by friends in the entire game.
 D = Other kills in this place as a percentage of other kills in the entire game.
 E = Experience gained in this place as a percentage of experience gained in the entire game.
 F = Experience gained in this place divided by the number of levels of this place that you have seen.
                   A       B       C       D       E      F
               +-------+-------+-------+-------+-------+----------------------
         Total | 100.0 | 100.0 | 100.0 |  -nan | 100.0 | 1464.5
       Dungeon | 100.0 | 100.0 | 100.0 |  -nan | 100.0 | 1464.5
               +-------+-------+-------+-------+-------+----------------------
